 Dungeon Crawl Stone Soup version 0.30-a0-723-gc1506a1cf0 (webtiles) character file.

Game seed: 15840320661695601013

32 junb69 the Insei (level 3, -6/34 HPs)
             Began as an Octopode Transmuter on Jan 28, 2023.
             Mangled by a goblin
             ... wielding a +2 dagger of electrocution
              (19 damage)
             ... on level 1 of the Dungeon.
             The game lasted 00:02:28 (988 turns).

junb69 the Insei (Octopode Transmuter)               Turns: 988, Time: 00:02:28

Health: -6/34      AC: 21    Str:  9    XL:     3   Next: 27%
Magic:  6/6        EV:  2    Int: 17    God:
Gold:   32         SH:  0    Dex: 12    Spells: 5/6 levels left

rFire   . . .      SeeInvis .      - Unarmed
rCold   . . .      Faith    .    (no shield)
rNeg    . . .      Spirit   .    (helmet currently unavailable)
rPois   +          Reflect  .    (no amulet)
rElec   .          Harm     .    (no ring)
rCorr   .          Rampage  .    (no ring)
Will    .....      NoTele   +    (no ring)
Stlth   +                        (no ring)
HPRegen 0.25/turn                (no ring)
MPRegen 0.10/turn                (no ring)
                                 (no ring)
                                 (no ring)

@: tree-form
A: stationary, stasis, torment immunity, boosted hp, almost no armour,
(amphibious), 8 rings, (camouflage 1), (gelatinous body 1), (nimble swimmer 1),
(tentacles)
a: no special abilities


You were on level 1 of the Dungeon.
You were a tree.
You visited 1 branch of the dungeon, and saw 2 of its levels.

You collected 32 gold pieces.

Inventory:

Scrolls
 b - a scroll of noise {unknown}
 d - a scroll of vulnerability {unknown}
 f - a scroll of fog {unknown}
 i - 4 scrolls of teleportation {unknown}
 j - a scroll of identify {unknown}
Potions
 c - 2 potions of heal wounds {unknown}
 e - 2 potions of curing {unknown}
 g - a potion of invisibility {unknown}
 h - 2 potions of brilliance {unknown}


   Skills:
 - Level 1.0 Fighting
 - Level 2.0 Dodging
 * Level 4.3 Unarmed Combat
 - Level 2.0 Spellcasting
 - Level 2.0 Transmutations


You had 5 spell levels left.
You knew the following spells:

 Your Spells              Type           Power      Damage    Failure   Level
a - Beastly Appendage     Tmut           16%        N/A       9%          1

Your spell library contained the following spells:

 Spells                   Type           Power      Damage    Failure   Level
 Wereblood                Tmut           8%         N/A       13%         2
 Sandblast                Erth           2%         2d4       19%         1
 Passwall                 Tmut/Erth      4%         N/A       19%         2
 Spider Form              Tmut/Pois      5%         N/A       36%         3
 Stone Arrow              Conj/Erth      2%         3d7       50%         3
 Ice Form                 Ice/Tmut       5%         N/A       77%         4


Dungeon Overview and Level Annotations

Branches:
Dungeon (2/15)

Altars:

Annotations:
D:2 Robin


Innate Abilities, Weirdness & Mutations

You are a tree.
Your roots penetrate the ground, keeping you stationary.
You cannot be teleported.
You are immune to unholy pain and torment.
Your maximum health is greatly increased.
You cannot wear most types of armour.
((You are amphibious.))
You can wear up to eight rings at the same time.
((Your skin changes colour to match your surroundings (Stealth+).))
((Your rubbery body absorbs attacks. (AC +1, EV +1)))
((You are camouflaged when in or above water. (Stealth+)))
((You have tentacles for arms and can constrict up to eight enemies at once.))


Message History

You see here a hobgoblin corpse.
There is a stone staircase leading up here.
Your tentacle spike disappears.
You climb upwards.
There is a stone staircase leading down here.
Things that are here:
5 stones; a +0 club; a kobold skeleton HP restored.
There is a stone staircase leading down here.
You climb downwards.
The goblin shouts! x3; The hobgoblin shouts!
The goblin shouts! x3
Robin shouts!
The goblin closely misses you.
Robin roars a battlecry!
The goblins go into a battle-frenzy!
The goblin unwields a +0 club.
The goblin wields a +0 sling.
The goblin shoots a sling bullet.
The sling bullet hits you.
Found a scroll labelled WEEGHOO MELUI and a scroll labelled TERU YSHUSE.
Found a stone staircase leading up.
There is a stone staircase leading up, spattered with blood here.
The hobgoblin shouts!
The goblin shouts!
The goblin closely misses you.
The goblin hits you with a +2 dagger of electrocution.
The goblin closely misses you. Robin throws the goblin at you!
The goblin shoots a sling bullet.
The sling bullet closely misses you.
The sling bullet closely misses the goblin.
You climb upwards.
There is a stone staircase leading down here.
Really quaff the potion of lignification?
You turn into a tree.
Your roots penetrate the ground.
The goblin hits you but does no damage. x2
Casting: Beastly Appendage (safe; 9% risk of failure)
Confirm with . or Enter, or press ? or * to list all spells.
You are stuck in your current form!
You smack the goblin!
You kill the goblin!
You barely miss the goblin. The goblin hits you but does no damage.
You are electrocuted!!
Ouch! That really hurt!
You die...

##.....##########################
#...............................
####...##########################
.................................
#####.###########################
........# #####.#.#
........##########
...............g♣#
....#...########g# ......#.# #.#
......#.########.################
.................................
#######....#####.################
...........# #.######
######.....# #)##...#
###..#.#.### #.##...#


You could see 2 goblins.

Vanquished Creatures
  A ball python (D:1)
  5 endoplasms (D:1)
  4 goblins (D:1)
  2 hobgoblins
  3 jackals (D:1)
  2 kobolds (D:1)
  4 quokkas (D:1)
  2 bats (D:1)
  2 rats (D:1)
25 creatures vanquished.

Notes
Turn   | Place    | Note
-------+----------+-------------------------------------------
     0 | D:1      | junb69 the Octopode Transmuter began the quest for the Orb.
     0 | D:1      | Reached XP level 1. HP: 13/13 MP: 3/3
   144 | D:1      | Reached XP level 2. HP: 14/18 MP: 3/5
   410 | D:1      | Reached skill level 4 in Unarmed Combat
   555 | D:1      | Reached XP level 3. HP: 23/23 MP: 4/6
   983 | D:2      | Noticed Robin
   988 | D:1      | Mangled by a goblin

Illustrated notes

Levels and vault maps discovered:
D:1:      sevenhm_arrival_forest_fort_small_4, layout_basic,
          amcnicky_mini_corridor_feature, solitary_fountain
D:2:      layout_rooms, uniq_natasha, uniq_robin

Skill      XL: |  1  2 |
---------------+-------+-----
Unarmed Combat | 4 |  4.3
Fighting       | |  1.0
Dodging        | |  2.0
Spellcasting   | |  2.0
Transmutations | |  2.0

Action                     || total
---------------------------++-------
  Melee: Unarmed           ||    56
         Tentacles         ||    11
         Kick              ||    12
         Constrict         ||    12
         Punch             ||     1
   Cast: Beastly Appendage ||    13
    Use: Potion            ||     1
   Stab: Sleeping          ||     2
 Armour: Skin              ||    10
  Dodge: Dodged            ||    28

Table legend: (Time is in decaauts)
 A = Elapsed time spent in this place.
 B = Non-inter-level travel time spent in this place.
 C = Inter-level travel time spent in this place.
 D = Time resting spent in this place.
 E = Time spent auto-exploring this place.
 F = Levels seen in this place.
 G = Mean time per level.
                   A        B        C        D        E       F      G
               +--------+--------+--------+--------+--------+-----+--------+
         Total |    984 |    912 |     72 |     95 |    611 |   2 |  492.0 |
       Dungeon |    984 |    912 |     72 |     95 |    611 |   2 |  492.0 |
               +--------+--------+--------+--------+--------+-----+--------+

Top non-repeatable levels by time:
     D:1: 969 daAuts
     D:2: 15 daAuts
